 Dungeon Crawl Stone Soup version 0.24-a0-736-g4e6fe308c7 (webtiles) character file.

Game seed: 14437200429179777487, levelgen mode: deterministic

6 MisterOstroum the Poker (level 1, 0/19 HPs)
             Began as a Centaur Monk on Oct 2, 2019.
             Slain by a jackal (2 damage)
             ... on level 1 of the Dungeon.
             The game lasted 00:00:34 (127 turns).

MisterOstroum the Poker (Centaur Monk)               Turns: 127, Time: 00:00:34

Health: 0/19       AC:  4    Str: 13    XL:     1   Next: 75%
Magic:  1/1        EV: 10    Int:  9    God:
Gold:   0          SH:  0    Dex: 11    Spells: 0/0 levels left

rFire    . . .     SeeInvis .   a - +0 spear
rCold    . . .     Gourm    .   (no shield)
rNeg     . . .     Faith    .   b - +0 robe
rPois    .         Spirit   .   (no helmet)
rElec    .         Reflect  .   (no cloak)
rCorr    .         Harm     .   (no gloves)
MR       .....                  (no barding)
Stlth    +.........             (no amulet)
HPRegen  0.06/turn              (no ring)
MPRegen  0.07/turn              (no ring)

@: very quick
A: large, hooves 3, deformed body, speed 2, tough skin 3
a: no special abilities


You were on level 1 of the Dungeon.
You were not hungry.

You visited 1 branch of the dungeon, and saw 1 of its levels.

Inventory:

Hand Weapons
 a - a +0 spear (weapon)
Armour
 b - a +0 robe (worn)
Scrolls
 d - a scroll of teleportation {unknown}
Comestibles
 c - 4 chunks of flesh
 e - a ration


   Skills:
 - Level 3.0 Fighting
 + Level 3.1 Polearms
 - Level 2.1 Dodging
 - Level 1.1 Stealth


You couldn't memorise any spells.
You didn't know any spells.
Your spell library was empty.

Dungeon Overview and Level Annotations

Branches:
Dungeon (1/15)

Altars:


Innate Abilities, Weirdness & Mutations

You have hooves in place of feet.
Armour fits poorly on your strangely shaped body.
You cover ground very quickly.
You have extremely tough skin. (AC +3)


Message History

You reach to attack!
You closely miss the frilled lizard.
The jackal barks!
A hobgoblin comes into view.
You hit the frilled lizard but do no damage.
Your kick misses the frilled lizard.
A goblin comes into view. It is wielding a +0 club.
The frilled lizard hisses.
The frilled lizard bites you. The jackal misses you.
You barely miss the jackal. Your kick misses the jackal.
The jackal closely misses you. The frilled lizard barely misses you.
The jackal bites you.
A hobgoblin comes into view. It is wielding a +0 club.
The jackal barely misses you.
You closely miss the jackal.
The jackal bites you but does no damage. x2
The frilled lizard closely misses you.
The jackal bites you but does no damage.
You closely miss the jackal. Your kick misses the jackal.
The jackal bites you but does no damage. x3
The frilled lizard closely misses you. The jackal bites you.
The jackal closely misses you.
You hit the jackal.
The jackal is heavily wounded.
The jackal bites you. The jackal barely misses you. x2
The jackal bites you but does no damage.
The frilled lizard bites you but does no damage.
The jackal closely misses you.
You hit the jackal but do no damage. You kick the jackal, but do no damage.
The jackal is heavily wounded.
The jackal bites you but does no damage.
The jackal bites you.
The jackal bites you but does no damage.
The frilled lizard closely misses you. The jackal bites you.
The jackal bites you but does no damage.
You are too injured to fight recklessly!
You are too injured to fight recklessly!
You are too injured to fight recklessly!
You are too injured to fight recklessly!
You are too injured to fight recklessly!
You are too injured to fight recklessly!
You are too injured to fight recklessly!
You are too injured to fight recklessly!
You are too injured to fight recklessly!
You are too injured to fight recklessly!
You are too injured to fight recklessly!
You are too injured to fight recklessly!
You are too injured to fight recklessly!
You are too injured to fight recklessly!
You are too injured to fight recklessly!
You are too injured to fight recklessly!
You are too injured to fight recklessly!
You are too injured to fight recklessly!
You are too injured to fight recklessly!
You are too injured to fight recklessly!
You are too injured to fight recklessly!
You are too injured to fight recklessly!
The jackal bites you.
* * * LOW HITPOINT WARNING * * *
Found 12 poisoned darts.
There is a staircase leading out of the dungeon here.
Found a fuming yellow potion.
Found a leather armour.
You see here a fuming yellow potion.
Found a stone staircase leading down.
A bat comes into view.
The bat moves out of view.
Found a scroll labeled EWINYI AKLOT.
The bat hits you but does no damage. The bat barely misses you.
Attack whom?
Press: ? - help, Dir - move target cursor, f - bat
Aim: a bat You closely miss the bat.
The bat closely misses you. The bat barely misses you. The jackal bites you.
The bat barely misses you. x2
You closely miss the bat. You kick the bat.
The bat is moderately wounded.
The bat hits you but does no damage.
The jackal bites you but does no damage.
You completely miss the bat.
The bat is moderately wounded.
The bat hits you.
* * * LOW HITPOINT WARNING * * *
The jackal closely misses you. x2; The bat hits you but does no damage.
A hobgoblin comes into view. It is wielding a +0 club.
The bat hits you but does no damage.
There is a stone staircase leading down here.
You miss the bat.
The bat is moderately wounded.
The bat hits you but does no damage. The jackal barely misses you.
The jackal bites you.
* * * LOW HITPOINT WARNING * * *
The jackal closely misses you. The jackal bites you.
* * * LOW HITPOINT WARNING * * *
You hit the bat.
You kill the bat!
The jackal bites you.
* * * LOW HITPOINT WARNING * * *
The jackal bites you.
You die...

........... .. ..........
.... ................
..... ......?...#......
..... .................
..... .................
...# ..........#.......
... .........@........ .
........hh#.......
#########..#..........#+
........#........##.....#
.##.....#........##......
>.#.....#................
#.#.##h.#..##............
h.#.<#..#..##............
..##.#.##..##..!....#.. .


You could see 2 jackals.

Vanquished Creatures
  A dart slug (D:1)
  A kobold (D:1)
  2 bats (D:1)
  A goblin (D:1)
5 creatures vanquished.

Notes
Turn   | Place    | Note
-------+----------+-------------------------------------------
     0 | D:1      | MisterOstroum the Centaur Monk began the quest for the Orb.
     0 | D:1      | Reached XP level 1. HP: 19/19 MP: 1/1
   127 | D:1      | Slain by a jackal

Levels and vault maps discovered:
D:1:      ebering_trefoil_twist, layout_basic

Skill      XL: |  1 |
---------------+----+-----
Polearms       | 3 |  3.1
Fighting       | |  3.0
Dodging        | |  2.1
Stealth        | |  1.1

Action                   || total
-------------------------++-------
Melee: Spear             ||    21
       Kick              ||     3
Armor: Robe              ||    17
Dodge: Dodged            ||    23

Table legend:
 A = Non-vault XP
 B = Vault XP
 C = Vault XP percentage of total XP
 D = Non-vault monster count
 E = Vault monster count
 F = Vault count percentage of total count
                 A         B        C        D         E       F
            +---------+---------+-------+---------+---------+-------
      Total |       9 |       0 |   0.0 |       5 |       0 |   0.0
            +---------+---------+-------+---------+---------+-------
        D:1 |       9 |       0 |   0.0 |       5 |       0 |   0.0
            +---------+---------+-------+---------+---------+-------
